Map: Prion Terraces

Players

trojanwarior

  • Race: Zerg Zerg
  • League: Platinum

SenorDB - Winner!

  • Race: Protoss Protoss
  • League: Platinum

VOD

Have the link to the VOD?

Description

Time

  • Played on: March 8, 2016, 10:32 p.m.
  • Length: 7:33
Show
View Real Time Build Order
Export as new Build Order

trojanwarior Zerg 

Build Orders: Hatch First 

Get SALT Encoding   

  12  0:02  Drone  
  13  0:10  Drone  
  14  0:17  Overlord  
  14  0:35  Drone x3  
  17  0:53  Hatchery  
  16  1:07  Spawning Pool  
  15  1:15  Drone x2  
  17  1:19  Extractor  
  16  1:29  Drone x2  
  18  1:45  Overlord  
  18  1:51  Drone  
  19  1:54  Queen  
  19  2:00  Drone  
  22  2:14  Zergling x2  
  22  2:15  Zergling x2  
  24  2:16  Queen  
  26  2:45  Hatchery  
  26  2:50  Drone x5  
  30  2:58  Metabolic Boost  
  30  3:10  Roach Warren  
  30  3:12  Extractor, Drone x3  
  31  3:28  Lair  
  31  3:32  Drone  
  31  3:33  Drone x4  
  36  4:00  Roach  
  36  4:01  Roach x2  
  41  4:12  Overlord x3  
  41  4:28  Spine Crawler  
  41  4:31  Roach x6  
  46  4:32  Spore Crawler, Roach x3  
  57  4:38  Overlord  
  57  4:49  Overseer  
  57  4:59  Hydralisk Den  
  56  5:03  Drone x7  
  63  5:07  Extractor  
  63  5:08  Extractor  
  61  5:17  Overlord x2  
  61  5:32  Hydralisk  
  61  5:33  Hydralisk x4  
  71  5:36  Hydralisk  
  71  5:41  Drone x3  
  76  5:52  Pneumatized Carapace  
  76  6:00  Spine Crawler x2  
  76  6:03  Spore Crawler  
  73  6:09  Drone x6  
  73  6:10  Drone x2  
  81  6:11  Drone  
  81  6:15  Overlord  
  82  6:29  Extractor  
  82  6:30  Extractor  
  77  6:46  Queen  
  77  6:47  Hydralisk x7  
Show
View Real Time Build Order
Export as new Build Order

SenorDB Protoss - Winner!

Build Orders: Nexus First 

Get SALT Encoding   

  12  0:01  Probe (Chrono Boost)  
  13  0:12  Probe (Chrono Boost)  
  14  0:20  Pylon  
  14  0:23  Probe (Chrono Boost)  
  15  0:38  Probe (Chrono Boost)  
  16  0:49  Probe (Chrono Boost)  
  17  1:03  Nexus  
  17  1:12  Gateway  
  17  1:22  Forge  
  17  1:30  Pylon  
  17  1:38  Probe (Chrono Boost)  
  18  1:41  Assimilator  
  18  1:44  Assimilator  
  18  1:56  Pylon  
  18  1:58  Probe (Chrono Boost)  
  19  2:03  Zealot  
  21  2:15  Cybernetics Core  
  21  2:22  Probe x2 (Chrono Boost)  
  23  2:32  Probe x2 (Chrono Boost)  
  25  2:47  Probe x2 (Chrono Boost)  
  27  2:54  Robotics Facility  
  27  2:58  Probe x2 (Chrono Boost)  
  29  3:03  Assimilator  
  29  3:10  Mothership Core (Chrono Boost)  
  29  3:11  Warp Gate (Chrono Boost)  
  31  3:16  Probe  
  32  3:26  Pylon  
  32  3:27  Probe  
  32  3:31  Probe  
  34  3:37  Probe  
  35  3:43  Probe  
  35  3:48  Probe  
  35  3:54  Immortal (Chrono Boost)  
  35  3:55  Probe  
  41  4:00  Probe  
  42  4:07  Probe  
  43  4:14  Stalker  
  45  4:17  Probe  
  45  4:19  Probe  
  45  4:23  Gateway  
  47  4:25  Gateway  
  47  4:27  Gateway  
  47  4:28  Probe  
  48  4:31  Probe  
  48  4:38  Immortal (Chrono Boost)  
  53  4:45  Protoss Ground Weapons Level 1  
  53  4:48  Probe  
  53  4:50  Probe  
  55  4:54  Assimilator  
  55  5:03  Gateway  
  55  5:05  Gateway  
  55  5:07  Gateway  
  55  5:09  Pylon  
  59  5:14  Immortal (Chrono Boost)  
  59  5:30  Stalker x4  
  67  5:48  Warp Prism (Chrono Boost)  
  69  5:59  Pylon  
  69  6:02  Pylon  
  69  6:04  Pylon  
  69  6:05  Pylon  
  69  6:07  Pylon  
  69  6:10  Pylon  
  69  6:21  Immortal (Chrono Boost), Pylon  
  69  6:23  Pylon  
  69  6:24  Pylon  
  67  6:41  Zealot x2  
  67  6:42  Zealot x4  
  75  7:02  Stalker  
  75  7:03  Stalker x5  
  75  7:26  Zealot  
  75  7:27  Zealot x5  
Tags
 
Add a new tag
Caveats
  • Supply blocks, unpowered buildings, or Contaminate may cause inaccurate times.
  • Supply counts are checked every 10 seconds.